 Dungeon Crawl Stone Soup version 0.23.2-1-ga50397a6bc (webtiles) character file.

Game seed: 16775552163176306359

95 MTandi the Firebug (level 4, 0/30 HPs)
             Began as a Human Fire Elementalist on May 26, 2019.
             Killed from afar by an orc wizard (7 damage)
             ... with a magic dart
             ... on level 3 of the Dungeon.
             The game lasted 00:30:51 (2390 turns).

MTandi the Firebug (Human Fire Elementalist)        Turns: 2390, Time: 00:30:52

Health: 0/30       AC:  2    Str:  7 (9)  XL:     4   Next: 95%
Magic:  0/8        EV: 12    Int: 14 (16) God:
Gold:   137        SH:  0    Dex: 11 (13) Spells: 2/8 levels left

rFire    . . .     SeeInvis .   h - +4 hand axe
rCold    . . .     Gourm    .   (no shield)
rNeg     . . .     Faith    .   a - +0 robe
rPois    .         Spirit   +   (no helmet)
rElec    .         Reflect  .   p - scarf {Spirit}
rCorr    .         Harm     .   (no gloves)
MR       .....                  (no boots)
Stlth    ++........             (no amulet)
HPRegen  0.10/turn              j - ring of wizardry
MPRegen  0.11/turn              (no ring)

@: slowed, very slow
A: no striking features
a: no special abilities


You were on level 3 of the Dungeon.
You were not hungry.

You visited 1 branch of the dungeon, and saw 3 of its levels.

You collected 137 gold pieces.

Inventory:

Hand Weapons
 b - a +0 spear
 e - a +0 dagger
 f - a +0 hand axe
 g - a +0 dagger
 h - a +4 hand axe (weapon)
 i - a +0 spear
 l - a +0 club
 o - a +0 dagger
 s - a +0 whip
 u - a +0 club
 x - a +0 mace
 y - a +0 dagger
 A - a +0 dagger
 D - a +0 trident
Missiles
 m - 44 sling bullets
 v - 11 poisoned needles
 z - 14 bolts
Armour
 a - a +0 robe (worn)
 n - a +0 ring mail
 p - a scarf of spirit shield (worn)
 r - a +0 ring mail
 t - a +0 buckler
 C - a +0 robe
Jewellery
 j - a ring of wizardry (left hand)
Wands
 B - a wand of acid (9)
Scrolls
 q - a scroll of enchant weapon {unknown}
 w - 2 scrolls of remove curse
Potions
 d - a potion of berserk rage
 k - a potion of haste
Comestibles
 c - 5 rations


   Skills:
 + Level 1.5 Axes
 - Level 2.0 Dodging
 - Level 2.0 Stealth
 + Level 2.7 Spellcasting
 + Level 1.6 Conjurations
 + Level 4.1 Fire Magic


You had 2 spell levels left.
You knew the following spells:

 Your Spells              Type           Power        Failure   Level  Hunger
a - Flame Tongue          Conj/Fire      ##...        2%          1    #......
b - Throw Flame           Conj/Fire      ##....       4%          2    ###....
c - Conjure Flame         Conj/Fire      ##......     9%          3    ###....

Your spell library contained the following spells:

 Spells                   Type           Power        Failure   Level  Hunger
 Inner Flame              Hex/Fire       #.......     12%         3    ###....
 Sticky Flame             Conj/Fire      ##......     26%         4    #####..
 Fireball                 Conj/Fire      ##........   56%         5    ######.


Dungeon Overview and Level Annotations

Branches:
Dungeon (3/15)

Altars:


Message History

The orc wizard points at you and mumbles some strange words.
The magic dart hits you.
You hit the orc wizard.
The orc wizard is almost dead.
The orc wizard casts a spell at you. You resist with some effort.
The orc wizard closely misses you.
The orc wizard hits you but does no damage.
You completely miss the orc wizard.
The orc wizard is almost dead.
The orc wizard barely misses you.
The orc wizard hits you with a +0 dagger.
You closely miss the orc wizard.
The orc wizard is almost dead.
The orc wizard gestures at you while chanting.
The magic dart hits you.
The orc wizard hits you with a +0 dagger.
* * * LOW HITPOINT WARNING * * *
The orc wizard gestures at you while chanting.
The magic dart hits you!
You die...

##### #...#
#...##########
#...'o....o..#
#...########.#
#..)...# #.#
#...o#.#.# #o#
##'#@....# #.#
#.#.#!..# ..#
#.#.#...# #o#
#.#.# ..# #o#
#.#.# ....
#.#.. ...#
#.### #### #..


You could see an orc wizard.

Vanquished Creatures
  Jessica (D:2)
  An adder (D:2)
  An ooze (D:1)
  A dart slug (D:1)
  2 worms
  A leopard gecko (D:1)
  3 orcs
  8 bats
  4 giant cockroaches
  4 goblins
  A hobgoblin (D:1)
  2 jackals (D:2)
  A quokka (D:2)
  3 ball pythons
  4 frilled lizards
  5 kobolds
  4 rats (D:1)
46 creatures vanquished.

Notes
Turn   | Place    | Note
-------+----------+-------------------------------------------
     0 | D:1      | MTandi the Human Fire Elementalist began the quest for the
                  | Orb.
     0 | D:1      | Reached XP level 1. HP: 13/13 MP: 3/3
     2 | D:1      | Noticed a white draconian
     3 | D:1      | Noticed an iron dragon
     5 | D:1      | Noticed an iron dragon
     6 | D:1      | Noticed an orb of fire
     7 | D:1      | Noticed an orb of fire
     8 | D:1      | Noticed an ice dragon
    10 | D:1      | Noticed a tentacled monstrosity
    16 | D:1      | Noticed an ice dragon
    16 | D:1      | Noticed a tentacled monstrosity
    16 | D:1      | Noticed a tentacled monstrosity
    18 | D:1      | Noticed a red draconian
    18 | D:1      | Noticed an ice dragon
    20 | D:1      | Noticed a black draconian
    22 | D:1      | Noticed a green draconian
   130 | D:1      | Reached XP level 2. HP: 14/19 MP: 5/5
   201 | D:1      | Learned a level 2 spell: Throw Flame
   564 | D:1      | Reached XP level 3. HP: 17/24 MP: 2/6
  1584 | D:2      | Noticed Jessica
  1595 | D:2      | Killed Jessica
  1595 | D:2      | Reached skill level 1 in Axes
  1595 | D:2      | Reached skill level 4 in Fire Magic
  1595 | D:2      | Reached XP level 4. HP: 30/30 MP: 5/7
  2268 | D:2      | Learned a level 3 spell: Conjure Flame
  2390 | D:3      | Killed from afar by an orc wizard

Skill      XL: |  1  2  3 |
---------------+----------+-----
Axes           | 1 |  1.5
Fire Magic     | 4 |  4.1
Dodging        | |  2.0
Stealth        | |  2.0
Spellcasting   | |  2.7
Conjurations   | |  1.6

Action                   |  1- 3 |  4- 6 || total
-------------------------+-------+-------++-------
Melee: Hand axe          |    61 |    27 ||    88
       Spear             |     3 |       ||     3
 Cast: Flame Tongue      |    18 |    17 ||    35
       Throw Flame       |       |     4 ||     4
  Use: Potion            |       |     4 ||     4
       Scroll            |       |     3 ||     3
 Stab: Sleeping          |     4 |       ||     4
  Eat: Chunk             |     2 |       ||     2
       Ration            |       |     1 ||     1
Armor: Robe              |    17 |     4 ||    21
Dodge: Dodged            |    43 |    26 ||    69
